 Dungeon Crawl Stone Soup version 0.30-a0-210-g01b79a254e (webtiles) character file.

Game seed: 12437833775054563723

281 Flugkiller the Slasher (level 6, -2/46 HPs)
             Began as a Mummy Gladiator on Oct 4, 2022.
             Slain by a centaur (5 damage)
             ... on level 6 of the Dungeon.
             The game lasted 00:02:54 (2494 turns).

Flugkiller the Slasher (Mummy Gladiator)            Turns: 2494, Time: 00:02:55

Health: -2/46      AC: -4    Str: 17    XL:     6   Next: 6%
Magic:  6/6        EV: 12    Int:  8    God:
Gold:   127        SH:  0    Dex: 15    Spells: 5/5 levels left

rFire   . . .      SeeInvis .    a - +0 long sword
rCold   + . .      Faith    +    (no shield)
rNeg    + + +      Spirit   .    n - +0 leather armour {rF+}
rPois   ∞          Reflect  .    c - +0 helmet
rElec   .          Harm     .    (no cloak)
rCorr   .          Rampage  .    (no gloves)
Will    .....                    (no boots)
Stlth   +.........               (no amulet)
HPRegen 0.27/turn                (no ring)
MPRegen 0.10/turn                (no ring)

@: corroded
A: cold resistance 1, negative energy resistance 3, torment resistance 2, heat
vulnerability 1, in touch with death 1, no potions, faith
a: no special abilities


You were on level 6 of the Dungeon.
You visited 1 branch of the dungeon, and saw 5 of its levels.

You collected 127 gold pieces.

Inventory:

Hand Weapons
 a - a +0 long sword (weapon)
 i - a +1 great sword
   (You found it on level 1 of the Dungeon)
Missiles
 d - 5 throwing nets (quivered)
 e - a javelin
Armour
 c - a +0 helmet (worn)
 n - a +0 leather armour of fire resistance (worn)
   (You found it on level 3 of the Dungeon)
Scrolls
 f - a scroll of immolation
 h - a scroll of vulnerability
 j - a scroll of enchant weapon
 l - a scroll of poison {unknown}
 m - a scroll of brand weapon {unknown}


   Skills:
 + Level 2.5 Fighting
 + Level 5.3 Long Blades
 - Level 1.5 Throwing
 + Level 2.8 Dodging


You had 5 spell levels left.
You didn't know any spells.
Your spell library was empty.

Dungeon Overview and Level Annotations

Branches:
Dungeon (4/15) Zot: 26841
 Temple: D:4-7

Altars:
Ashenzari
Yredelemnul


Innate Abilities, Weirdness & Mutations

You are immune to poison.
Your flesh is cold resistant. (rC+)
You are immune to negative energy. (rN+++)
You are immune to unholy pain and torment.
You are vulnerable to heat. (rF-)
You are in touch with the powers of death.
You do not drink.
You have a special connection with the divine. (Faith)


Message History

You start waiting.
An orc is nearby!
You slash the orc!
You kill the orc!
No target in view!
No target in view!
Things that are here:
a +0 falchion; a +0 chain mail; an orc corpse A wight comes into view.
It is wielding a +3 morningstar.
A wight comes into view. It is wielding a +3 hand axe.
The wight moves out of view.
Things that are here:
a +0 falchion; a +0 chain mail; an orc corpse
Found a pair of gloves.
A jelly comes into view.
The jelly quivers.
A necrophage comes into view.
The necrophage hits you.
Found 13 gold pieces.
The necrophage barely misses you.
You completely miss the necrophage. The necrophage hits you.
You slash the necrophage!
The necrophage is moderately damaged.
The necrophage hits you but does no damage.
You hit the necrophage but do no damage.
The necrophage is moderately damaged.
The necrophage hits you.
You hit the necrophage.
The necrophage is heavily damaged.
The necrophage hits you. The necrophage closely misses you.
You barely miss the necrophage.
The necrophage is heavily damaged.
The necrophage hits you but does no damage.
You hit the necrophage.
The necrophage is heavily damaged.
The necrophage hits you.
You hit the necrophage.
The necrophage is severely damaged.
The necrophage closely misses you.
You closely miss the necrophage.
The necrophage is severely damaged.
The necrophage hits you but does no damage.
A wight comes into view. It is wielding a +3 battleaxe.
You slash the necrophage!
You destroy the necrophage!
You have reached level 6!
You hit the jelly.
Your hands burn!
The jelly is lightly wounded.
The jelly hits you but does no damage.
You hit the jelly.
Your hands burn!
The jelly is lightly wounded.
The jelly hits you but does no damage. x2
You hit the jelly. The acid corrodes you!
Your hands burn!
The jelly is heavily wounded.
The jelly hits you. The acid corrodes you!
You are splashed with acid!
You hit the jelly but do no damage. The acid corrodes you!
Your hands burn!
The jelly is heavily wounded.
The jelly closely misses you.
Unknown command.
Unknown command.
Unknown command.
Okay, then.
Unknown command.
Okay, then.
You hit the jelly but do no damage.
Your hands burn!
* * * LOW HITPOINT WARNING * * *
The jelly is heavily wounded.
The jelly barely misses you.
Unknown command.
Unknown command.
Unknown command.
Blink to where?
Press: ? - help, Dir - move target
As you read the scroll of blinking, it crumbles to dust.
As you read the scroll labelled QOZIFF WIMM, it crumbles to dust.
It is a scroll of identify.
f - a scroll of immolation
As you read the scroll labelled HAGEOPP GUYSM, it crumbles to dust.
The scroll dissolves into smoke.
It was a scroll of fog.
Unknown command.
As you read the scroll labelled KUJIUK TAOLA, it crumbles to dust.
You assume a fearsome visage.
Nothing appears to happen.
It was a scroll of fear.
Unknown command.
Found a long sword.
An ufetubus comes into view.
Found an escape hatch in the floor.
The ufetubus shouts!
A centaur comes into view.
The centaur shouts!
The ufetubus hits you. The ufetubus closely misses you. The centaur hits you.
* * * LOW HITPOINT WARNING * * *
The centaur kicks you.
* * * LOW HITPOINT WARNING * * *
The ufetubus closely misses you. The ufetubus hits you.
* * * LOW HITPOINT WARNING * * *
The ufetubus attacks as you move away! The ufetubus closely misses you.
The ufetubus hits you.
* * * LOW HITPOINT WARNING * * *
The centaur hits you.
You die...

# .# #######.# #.......#
#.......# # #.......##
#.##........## #
#.>..@c......#. ####...5...#.#.
#.......#.. ####) #.......#.#
#... . ### #.....z.#.###.####.
#.# ######.J........... #.#
##..........). #########.#
###z.........
#.......#.###########z.........


You could see a centaur, a jelly, 2 wights and an ufetubus.

Vanquished Creatures
  A necrophage (D:6)
  A scorpion (D:3)
  A hound (D:6)
  6 adders
  A worm (D:2)
  3 dart slugs
  An orc (D:6)
  6 bats
  5 endoplasms
  4 giant cockroaches
  5 goblins
  3 hobgoblins
  4 jackals (D:1)
  10 ball pythons
  2 frilled lizards
  5 kobolds
  7 rats
65 creatures vanquished.

Vanquished Creatures (others)
  3 demonic plants (D:2)
  A fungus (D:2)
  3 plants (D:2)
  2 withered plants (D:2)
9 creatures vanquished.

Grand Total: 74 creatures vanquished

Notes
Turn   | Place    | Note
-------+----------+-------------------------------------------
     0 | D:1      | Flugkiller the Mummy Gladiator began the quest for the Orb.
     0 | D:1      | Reached XP level 1. HP: 16/16 MP: 1/1
   123 | D:1      | Reached XP level 2. HP: 20/22 MP: 2/2
   141 | D:1      | Reached skill level 3 in Long Blades
   967 | D:2      | Gained mutation: You are in touch with the powers of death.
                  | [Mummy growth]
   967 | D:2      | Reached XP level 3. HP: 22/27 MP: 3/3
  1131 | D:2      | Found a faded altar of an unknown god.
  1398 | D:2      | Reached skill level 4 in Long Blades
  1398 | D:2      | Reached XP level 4. HP: 29/33 MP: 4/4
  2062 | D:3      | Noticed a scorpion
  2183 | D:3      | Killed a scorpion
  2184 | D:3      | Reached skill level 5 in Long Blades
  2184 | D:3      | Reached XP level 5. HP: 20/38 MP: 5/5
  2332 | D:3      | Found a broken altar of Ashenzari.
  2332 | D:3      | Found a basalt altar of Yredelemnul.
  2340 | D:3      | You fall into a shaft and drop 3 floors!
  2465 | D:6      | Reached XP level 6. HP: 41/46 MP: 6/6
  2494 | D:6      | Slain by a centaur

Illustrated notes

Levels and vault maps discovered:
D:1:      dpeg_arrival_subterranean_lakeside_camping, layout_basic
D:2:      layout_basic, shapermc_ecumenical_altar_gd
D:3:      layout_basic, lemuel_doored_altar,
          chequers_temple_overflow_statue_of_worship, minmay_misc_feat_rows
D:4:      layout_rooms, mainiacjoe_overflow_24_doors
D:6:      layout_rooms, okawaru_trees_2, serial_rivers,
          chequers_serial_rivers_marsh, chequers_serial_rivers_micro_a,
          chequers_serial_rivers_large_a, chequers_serial_rivers_micro_e,
          sigmund_army, uniq_duvessa

Skill      XL: |  1  2  3  4 |
---------------+-------------+-----
Long Blades    | 3 4 5 |  5.3
Fighting       | |  2.5
Throwing       | |  1.5
Dodging        | |  2.8

Action                   |  1- 3 |  4- 6 || total
-------------------------+-------+-------++-------
Melee: Long sword        |   143 |   103 ||   246
  Use: Scroll            |       |     7 ||     7
 Stab: Sleeping          |       |     1 ||     1
Armor: Leather armour    |    50 |    44 ||    94
Dodge: Dodged            |   113 |    75 ||   188

Table legend: (Time is in decaauts)
 A = Elapsed time spent in this place.
 B = Non-inter-level travel time spent in this place.
 C = Inter-level travel time spent in this place.
 D = Time resting spent in this place.
 E = Time spent auto-exploring this place.
 F = Levels seen in this place.
 G = Mean time per level.
                   A        B        C        D        E       F      G
               +--------+--------+--------+--------+--------+-----+--------+
         Total |   2546 |   2453 |     93 |    238 |   1517 |   5 |  509.2 |
       Dungeon |   2546 |   2453 |     93 |    238 |   1517 |   5 |  509.2 |
               +--------+--------+--------+--------+--------+-----+--------+

Top non-repeatable levels by time:
     D:1: 977 daAuts
     D:2: 873 daAuts
     D:3: 460 daAuts
     D:6: 157 daAuts
     D:4: 78 daAuts
